 Dungeon Crawl Stone Soup version 0.31.0-9-g3a7656b989 (webtiles) character file.

Game seed: 14999993201013283878

10651 qw the Skirmisher (level 11, -1/92 HPs)
             Began as a Demigod Hunter on Feb 2, 2024.
             Slain by a sun demon (18 damage)
             ... on level 11 of the Dungeon.
             The game lasted 00:01:00 (10144 turns).

qw the Skirmisher (Demigod Hunter)                 Turns: 10144, Time: 00:01:00

Health: -1/92      AC: 11    Str: 12    XL:     11   Next: 16%
Magic:  14/14      EV: 20    Int: 11    God:
Gold:   286        SH:  0    Dex: 29    Spells: 10/10 levels left

rFire   . . .        r - +0 orcbow
rCold   . . .        (shield currently unavailable)
rNeg    . . .        a - +0 troll leather armour
rPois   .            o - +2 hat
rElec   .            h - +2 cloak
rCorr   +            c - +0 pair of gloves
SInv    .            f - +0 pair of boots
Will    +....        (no amulet)
Stlth   ++           k - ring of resist corrosion
HPRegen 1.15/turn    (no ring)
MPRegen 0.14/turn

%: no passive effects
@: no status effects
A: high MP 1, forlorn, divine attributes
a: no special abilities


You were on level 11 of the Dungeon.
You visited 1 branch of the dungeon, and saw 11 of its levels.

You collected 699 gold pieces.
You spent 413 gold pieces at shops.


Innate Abilities, Weirdness & Mutations

You have an increased reservoir of magic. (+10% MP)
You shall have no god before yourself.
Your divine heritage dramatically boosts your attributes as you level up.


   Skills:
 - Level 7.4 Fighting
 + Level 12.4 Ranged Weapons
 - Level 4.5 Armour
 - Level 8.1 Dodging
 - Level 0.8 Stealth


You had 10 spell levels left.
You didn't know any spells.
Your spell library was empty.

Inventory:

Hand Weapons
 r - a +0 orcbow (weapon)
Armour
 a - a +0 troll leather armour (worn)
 c - a +0 pair of gloves (worn)
 d - a +2 helmet
 f - a +0 pair of boots (worn)
 h - a +2 cloak (worn)
 o - a +2 hat (worn)
Jewellery
 k - a ring of resist corrosion (left hand)
Wands
 e - a wand of charming (10)
Scrolls
 m - 3 scrolls of teleportation
 p - a scroll of enchant weapon {unknown}
Potions
 b - 3 potions of curing
 g - 2 potions of cancellation
 i - a potion of magic {unknown}
 j - 3 potions of might
 l - 2 potions of enlightenment
 n - a potion of mutation
 q - a potion of heal wounds

Dungeon Overview and Level Annotations

Branches:
Dungeon (11/15)            Temple (0/1) D:7            Lair (0/5) D:9
    Orc (0/2) D:9

Shops:
D:1 (?*   D:2 =   D:7 !?   D:9 [   D:10 =

Annotations:
D:2 1 runed translucent door, Crazy Yiuf


Message History

Enter note:
Enter note:
10130 ||| RETREEEEATING.
Enter note:
Enter note:
10131 ||| RETREEEEATING.
Enter note:
Enter note:
10132 ||| RETREEEEATING.
Enter note:
Enter note:
10133 ||| RETREEEEATING.
A wraith comes into view.
You shoot an arrow. The arrow hits the wraith!!
The wraith is severely damaged.
You shoot an arrow.
The arrow hits the chaos spawn but does no damage.
The chaos spawn is heavily wounded.
Enter note:
Enter note: You shoot an arrow.
The arrow hits the chaos spawn but does no damage.
The chaos spawn is heavily wounded.
The chaos spawn kicks you but does no damage.
10139 ||| RETREEEEATING.
You shoot an arrow.
The arrow closely misses the chaos spawn.
You shoot an arrow. The arrow closely misses the sun demon.
10141 ||| RETREEEEATING.
You shoot an arrow.
The arrow hits the sun demon but does no damage.
The sun demon hits you but does no damage.
You shoot an arrow. The arrow barely misses the sun demon.
The sun demon hits you!
You are engulfed in flames!
10143 ||| RETREEEEATING.
You shoot an arrow. The arrow closely misses the sun demon.
The sun demon hits you!!
You are engulfed in flames!!
The wraith hits you but does no damage.
You shoot an arrow. The arrow hits the wraith!
You destroy the wraith!
The sun demon hits you!!
You are engulfed in flames!!
You die...

#......................
#... #......####.....
#.. #....
..##...##......##. #
...... ..#.........#.##
## .#...^.
#............# ..#
#..... ###........###
.... ......
#.........######.....
......
##........543........
....
##..........##@.......
............#####.....
#........#..##.# ....
..##....###4...# ...
#.....###..#..... ..
###......3.# .... .
#...........# ...
#........##..5..#.
###.......#.....#


You could see a sun demon, a chaos spawn and a quasit.

Vanquished Creatures
  2 two-headed ogres
  An orc knight (D:11)
  2 manticores
  2 elephants (D:9)
  A gargoyle (D:10)
  An unseen horror (D:10)
  Jeremiah (D:8)
  3 trolls
  12 yaks
  A wraith (D:11)
  A steam dragon (D:8)
  A water moccasin (D:7)
  An acid dragon (D:8)
  Duvessa (D:4)
  3 black bears
  An ice beast (D:6)
  A sky beast (D:7)
  2 ogres
  7 centaurs
  A kobold brigand (D:7)
  Blork the orc (D:4)
  6 scorpions
  3 bullfrogs
  13 wights
  Dowan (D:4)
  4 killer bees (D:9)
  7 howler monkeys
  3 crimson imps (D:6)
  2 bombardier beetles
  2 jellies
  2 hounds
  An orc priest (D:7)
  A gnoll bouda (D:5)
  5 orc wizards
  A sleepcap (D:6)
  Natasha (thrice) (D:4)
  2 iguanas (D:7)
  Robin (D:4)
  6 river rats (D:5)
  8 adders
  2 shadow imps
  4 ufetubi (D:6)
  3 dart slugs
  27 orcs
  7 ball pythons
  10 endoplasms
  3 giant cockroaches
  14 goblins
  7 hobgoblins
  8 jackals
  10 kobolds
  11 quokkas
  9 bats
  4 frilled lizards
  21 rats
257 creatures vanquished.

Vanquished Creatures (others)
  A dart slug (D:4)
1 creature vanquished.

Grand Total: 258 creatures vanquished

Notes
Turn   | Place    | Note
-------+----------+-------------------------------------------
     0 | D:1      | qw the Demigod Hunter began the quest for the Orb.
     0 | D:1      | Reached XP level 1. HP: 17/17 MP: 3/3
     0 | D:1      | 0 ||| qw: Version: 0.3-a-155-g5e7d8dd
     0 | D:1      | 0 ||| qw: Game counter: 431
     0 | D:1      | 0 ||| qw: Melee chars always use a shield: true
     0 | D:1      | 0 ||| qw: God list: Okawaru
     0 | D:1      | 0 ||| qw: Allow faded altars: false
     0 | D:1      | 0 ||| qw: Do Orc after clearing Dungeon:15 true
     0 | D:1      | 0 ||| qw: Do second Lair branch before Depths: true
     0 | D:1      | 0 ||| qw: Lair rune preference: random
     0 | D:1      | 0 ||| qw: Goals: Normal
     0 | D:1      | 0 ||| PLANNING D:1-11
    52 | D:1      | Found Qicsy's Magic Scroll Boutique.
    57 | D:1      | 57 ||| SHOPLISTING scroll of identify (22 gold, have 8).
    57 | D:1      | 57 ||| SHOPLISTING scroll of teleportation (33 gold, have
                  | 8).
    99 | D:1      | Found Ecvafun's Antique Weapon Boutique.
   175 | D:1      | Reached skill level 4 in Ranged Weapons
   225 | D:1      | Reached XP level 2. HP: 24/24 MP: 4/4
   231 | D:1      | Found Raresop's Assorted Antiques.
   239 | D:1      | 239 ||| SHOPLISTING 3 scrolls labelled JYIHAW VUETIJO (60
                  | gold, have 16).
   239 | D:1      | 239 ||| SHOPLISTING scroll labelled ESOTHIF YNI (20 gold,
                  | have 16).
   239 | D:1      | 239 ||| SHOPLISTING scroll labelled JYIHAW VUETIJO (20
                  | gold, have 16).
   239 | D:1      | 239 ||| SHOPLISTING scroll labelled QEHOGI YHYVIEN (20
                  | gold, have 16).
   761 | D:1      | 761 ||| READING 2 scrolls labelled RABOURGH USEVU.
   761 | D:1      | 761 ||| ENCHANTING +0 shortbow.
   762 | D:1      | 762 ||| READING scroll labelled QEHOGI YHYVIEN.
   762 | D:1      | 762 ||| IDENTIFYING sedimented cyan potion
   763 | D:1      | 763 ||| READING scroll labelled AGAODE CEUH.
   807 | D:1      | 807 ||| DROPPING scroll of butterflies.
   808 | D:1      | 808 ||| DROPPING potion of invisibility.
   868 | D:2      | Found a runed translucent door.
   869 | D:2      | Noticed Crazy Yiuf
   929 | D:2      | 929 ||| FLEEEEING.
   936 | D:2      | Reached XP level 3. HP: 28/29 MP: 5/5
  1125 | D:2      | Found Vutto Gua's Jewellery Emporium.
  1134 | D:2      | 1134 ||| SHOPLISTING amulet of guardian spirit (390 gold,
                  | have 77).
  1134 | D:2      | 1134 ||| SHOPLISTING amulet of reflection (390 gold, have
                  | 77).
  1134 | D:2      | 1134 ||| SHOPLISTING amulet of regeneration (390 gold, have
                  | 77).
  1134 | D:2      | 1134 ||| SHOPLISTING ring of resist corrosion (260 gold,
                  | have 77).
  1247 | D:2      | Identified the +1 robe "Currem" {^Drain +Inv rN+}
  1279 | D:2      | Reached skill level 5 in Ranged Weapons
  1502 | D:2      | Reached XP level 4. HP: 36/36 MP: 6/6
  1578 | D:2      | 1578 ||| UPGRADING to +0 cloak.
  1583 | D:2      | 1583 ||| UPGRADING to +0 ring mail.
  1593 | D:2      | 1593 ||| DROPPING +0 leather armour.
  1594 | D:2      | 1594 ||| DROPPING +1 robe "Currem" {^Drain +Inv rN+}.
  1595 | D:2      | 1595 ||| READING 2 scrolls of enchant armour.
  1595 | D:2      | 1595 ||| ENCHANTING +0 cloak.
  1596 | D:2      | 1596 ||| READING scroll of enchant armour.
  1596 | D:2      | 1596 ||| ENCHANTING +1 cloak.
  1597 | D:2      | 1597 ||| READING scroll labelled MAR ATENOAJAST.
  1598 | D:2      | 1598 ||| READING 2 scrolls labelled YNIPHA ELAADWE.
  1599 | D:2      | 1599 ||| READING 2 scrolls labelled JYIHAW VUETIJO.
  1655 | D:2      | 1655 ||| READING scroll labelled QETIONYON.
  1756 | D:2      | 1756 ||| DROPPING scroll of amnesia.
  1859 | D:3      | Reached skill level 1 in Armour
  2433 | D:3      | Reached XP level 5. HP: 29/41 MP: 7/7
  2728 | D:3      | 2728 ||| UPGRADING to +0 pair of gloves.
  2733 | D:3      | 2733 ||| UPGRADING to +0 helmet.
  2738 | D:3      | 2738 ||| UPGRADING to +0 pair of boots.
  2743 | D:3      | 2743 ||| DROPPING +1 hat.
  2744 | D:3      | 2744 ||| READING scroll labelled LIDYHA BITY.
  2745 | D:3      | 2745 ||| READING scroll labelled EGRUSM WAGGE.
  2746 | D:3      | 2746 ||| READING scroll labelled CEUMPIU SAVEPH.
  2808 | D:4      | Reached skill level 6 in Ranged Weapons
  2838 | D:4      | Noticed Duvessa
  2839 | D:4      | 2839 ||| ZAPPING wand of acid (13) at 3,-4 (Duvessa;
                  | floor).
  2842 | D:4      | 2842 ||| ZAPPING wand of acid (12) at 0,-1 (Duvessa;
                  | floor).
  2843 | D:4      | 2843 ||| ZAPPING wand of acid (11) at 0,-1 (Duvessa;
                  | floor).
  2844 | D:4      | 2844 ||| ZAPPING wand of acid (10) at 0,-1 (Duvessa;
                  | floor).
  2845 | D:4      | 2845 ||| ZAPPING wand of acid (9) at 0,-1 (Duvessa; floor).
  2846 | D:4      | 2846 ||| ZAPPING wand of acid (8) at 0,-1 (Duvessa; floor).
  2846 | D:4      | Noticed Dowan
  2847 | D:4      | 2847 ||| ZAPPING wand of acid (7) at 0,-1 (Duvessa; floor).
  2847 | D:4      | Killed Duvessa
  2848 | D:4      | Reached skill level 3 in Fighting
  2851 | D:4      | Noticed Robin
  2853 | D:4      | HP: 11/45 [Dowan/shard of ice (24)]
  2854 | D:4      | 2854 ||| READING 2 scrolls of teleportation.
  2902 | D:4      | HP: 6/45 [Dowan/stone arrow (12)]
  2903 | D:4      | 2903 ||| READING scroll of teleportation.
  2905 | D:4      | HP: 1/45 [Dowan/+1 vampiric dagger (4)]
  3137 | D:4      | Killed Dowan
  3138 | D:4      | Reached XP level 6. HP: 51/51 MP: 8/8
  3150 | D:4      | Noticed Natasha
  3156 | D:4      | Killed Natasha
  3161 | D:4      | Noticed Natasha
  3170 | D:4      | Killed Natasha
  3248 | D:4      | Noticed Blork the orc
  3260 | D:4      | 3260 ||| ZAPPING wand of acid (6) at 1,1 (Blork the orc;
                  | floor).
  3261 | D:4      | 3261 ||| ZAPPING wand of acid (5) at 1,1 (Blork the orc;
                  | floor).
  3262 | D:4      | 3262 ||| ZAPPING wand of acid (4) at 1,1 (Blork the orc;
                  | floor).
  3262 | D:4      | Killed Blork the orc
  3263 | D:4      | Reached skill level 3 in Dodging
  3267 | D:4      | HP: 12/51 [Robin/+0 trident (2)]
  3271 | D:4      | Killed Robin
  3323 | D:4      | Noticed Natasha
  3328 | D:4      | Killed Natasha
  3571 | D:4      | 3571 ||| READING scroll of identify.
  3571 | D:4      | 3571 ||| IDENTIFYING metallic sapphire potion
  3572 | D:4      | 3572 ||| DROPPING potion of lignification.
  3592 | D:5      | Entered Level 5 of the Dungeon
  3593 | D:5      | 3593 ||| STAIRDANCE
  3598 | D:5      | 3598 ||| STAIRDANCE
  3623 | D:5      | 3623 ||| STAIRDANCE
  3738 | D:5      | 3738 ||| RETREEEEATING.
  3740 | D:5      | 3740 ||| RETREEEEATING.
  3750 | D:5      | Reached XP level 7. HP: 49/57 MP: 9/9
  3766 | D:5      | Reached skill level 7 in Ranged Weapons
  3776 | D:5      | HP: 10/57 [gnoll bouda/+0 club (6)]
  3782 | D:5      | HP: 8/57 [rat (1)]
  3789 | D:5      | HP: 8/57 [adder (1)]
  3796 | D:5      | HP: 8/57 [rat (2)]
  4606 | D:5      | 4606 ||| UPGRADING to ring of resist corrosion.
  4607 | D:5      | 4607 ||| READING scroll of identify.
  4607 | D:5      | 4607 ||| IDENTIFYING sapphire potion
  4608 | D:5      | 4608 ||| READING scroll labelled HECSIXT NYFU.
  4637 | D:6      | 4637 ||| STAIRDANCE
  4682 | D:6      | Reached skill level 8 in Ranged Weapons
  4707 | D:6      | 4707 ||| RETREEEEATING.
  4732 | D:6      | Reached XP level 8. HP: 26/66 MP: 10/10
  4740 | D:6      | 4740 ||| FLEEEEING.
  4741 | D:6      | 4741 ||| FLEEEEING.
  4742 | D:6      | 4742 ||| FLEEEEING.
  4743 | D:6      | 4743 ||| FLEEEEING.
  4744 | D:6      | 4744 ||| FLEEEEING.
  4745 | D:6      | 4745 ||| FLEEEEING.
  4746 | D:6      | 4746 ||| FLEEEEING.
  4747 | D:6      | 4747 ||| FLEEEEING.
  4748 | D:6      | 4748 ||| STAIRDANCE
  5313 | D:6      | Reached skill level 9 in Ranged Weapons
  5544 | D:6      | 5544 ||| READING scroll labelled ESOTHIF YNI.
  5545 | D:6      | 5545 ||| DRINKING 2 inky potions.
  5546 | D:6      | 5546 ||| DRINKING 2 pink potions.
  5703 | D:7      | Found Veush's Distillery.
  5724 | D:7      | Reached skill level 3 in Armour
  5791 | D:7      | 5791 ||| BUYING potion of cancellation (112 gold).
  5791 | D:7      | Bought a potion of cancellation for 112 gold pieces
  5791 | D:7      | 5791 ||| BUYING potion of curing (42 gold).
  5791 | D:7      | Bought a potion of curing for 42 gold pieces
  5791 | D:7      | 5791 ||| BUYING potion of curing (42 gold).
  5791 | D:7      | Bought a potion of curing for 42 gold pieces
  5791 | D:7      | 5791 ||| BUYING potion of enlightenment (70 gold).
  5791 | D:7      | Bought a potion of enlightenment for 70 gold pieces
  5791 | D:7      | 5791 ||| BUYING potion of might (56 gold).
  5791 | D:7      | Bought a potion of might for 56 gold pieces
  5934 | D:7      | Found a staircase to the Ecumenical Temple.
  5968 | D:7      | 5968 ||| ZAPPING wand of iceblast (6) at 4,1 (floor).
  5969 | D:7      | 5969 ||| ZAPPING wand of iceblast (5) at 3,1 (floor).
  5970 | D:7      | 5970 ||| ZAPPING wand of iceblast (4) at 2,1 (kobold
                  | brigand; floor).
  5974 | D:7      | 5974 ||| FLEEEEING.
  5975 | D:7      | 5975 ||| FLEEEEING.
  5976 | D:7      | 5976 ||| FLEEEEING.
  5977 | D:7      | 5977 ||| FLEEEEING.
  5978 | D:7      | 5978 ||| FLEEEEING.
  5981 | D:7      | 5981 ||| FLEEEEING.
  5982 | D:7      | 5982 ||| FLEEEEING.
  5983 | D:7      | 5983 ||| STAIRDANCE
  6064 | D:7      | 6064 ||| STAIRDANCE
  6206 | D:7      | Found Zogor's Magic Scroll Shoppe.
  6213 | D:7      | 6213 ||| SHOPLISTING scroll of acquirement (676 gold, have
                  | 189).
  6213 | D:7      | 6213 ||| BUYING scroll of identify (26 gold).
  6213 | D:7      | Bought a scroll of identify for 26 gold pieces
  6213 | D:7      | 6213 ||| BUYING scroll of identify (26 gold).
  6213 | D:7      | Bought a scroll of identify for 26 gold pieces
  6213 | D:7      | 6213 ||| BUYING scroll of teleportation (39 gold).
  6213 | D:7      | Bought a scroll of teleportation for 39 gold pieces
  6225 | D:7      | Reached XP level 9. HP: 74/74 MP: 11/11
  6299 | D:7      | 6299 ||| READING 2 scrolls of identify.
  6299 | D:7      | 6299 ||| IDENTIFYING clear potion
  6300 | D:7      | 6300 ||| READING scroll of identify.
  6300 | D:7      | 6300 ||| IDENTIFYING fizzy brown potion
  6424 | D:8      | 6424 ||| SWAPPING to +0 orcbow.
  6426 | D:8      | 6426 ||| DROPPING +0 shortbow.
  6625 | D:8      | Reached skill level 10 in Ranged Weapons
  6782 | D:8      | 6782 ||| Stepping ~*~*~tactically~*~*~ (cloud).
  6787 | D:8      | 6787 ||| Stepping ~*~*~tactically~*~*~ (cloud).
  6792 | D:8      | 6792 ||| FLEEEEING.
  6980 | D:8      | Noticed Jeremiah
  6981 | D:8      | 6981 ||| DRINKING potion of haste.
  6998 | D:8      | 6998 ||| FLEEEEING.
  7001 | D:8      | 7001 ||| STAIRDANCE
  7062 | D:8      | 7062 ||| ZAPPING wand of iceblast (3) at -5,1 (Jeremiah;
                  | floor).
  7063 | D:8      | 7063 ||| ZAPPING wand of iceblast (2) at -5,1 (Jeremiah;
                  | floor).
  7070 | D:8      | Killed Jeremiah
  7071 | D:8      | Reached skill level 6 in Fighting
  7347 | D:9      | 7347 ||| RETREEEEATING.
  7478 | D:9      | Found Hyosk's Armour Shop.
  7485 | D:9      | 7485 ||| DRINKING 4 potions of curing.
  7485 | D:9      | 7485 ||| (to cure confusion)
  7495 | D:9      | 7495 ||| SHOPLISTING +0 pair of gloves of strength (149
                  | gold, have 124).
  7495 | D:9      | 7495 ||| SHOPLISTING +1 leather armour of the Stallion
                  | {^Contam rF+ rC++ Regen+} (427 gold, have 124).
  7495 | D:9      | 7495 ||| SHOPLISTING +1 pair of gloves "Mufrawk" {rPois rF-
                  | rN++ Int+2 Dex-4} (260 gold, have 124).
  7522 | D:9      | Reached skill level 11 in Ranged Weapons
  7570 | D:9      | 7570 ||| RETREEEEATING.
  7571 | D:9      | 7571 ||| RETREEEEATING.
  7583 | D:9      | Reached skill level 6 in Dodging
  7583 | D:9      | Reached XP level 10. HP: 60/84 MP: 13/13
  7692 | D:9      | Noticed an elephant
  7693 | D:9      | 7693 ||| RETREEEEATING.
  7695 | D:9      | 7695 ||| ZAPPING wand of iceblast (1) at -3,4 (elephant;
                  | floor).
  7696 | D:9      | 7696 ||| ZAPPING wand of acid (3) at -2,3 (elephant;
                  | floor).
  7697 | D:9      | 7697 ||| ZAPPING wand of acid (2) at -1,2 (elephant;
                  | floor).
  7698 | D:9      | 7698 ||| ZAPPING wand of acid (1) at -1,1 (elephant;
                  | floor).
  7700 | D:9      | Killed an elephant
  7715 | D:9      | 7715 ||| RETREEEEATING.
  7716 | D:9      | 7716 ||| RETREEEEATING.
  7754 | D:9      | Noticed an elephant
  7755 | D:9      | 7755 ||| FLEEEEING.
  7756 | D:9      | 7756 ||| FLEEEEING.
  7757 | D:9      | 7757 ||| FLEEEEING.
  7766 | D:9      | HP: 14/84 [elephant (11)]
  7767 | D:9      | 7767 ||| READING 2 scrolls of teleportation.
  7781 | D:9      | 7781 ||| READING scroll of teleportation.
  7782 | D:9      | HP: 9/84 [killer bee (3)]
  7820 | D:9      | 7820 ||| FLEEEEING.
  7825 | D:9      | 7825 ||| FLEEEEING.
  7826 | D:9      | 7826 ||| FLEEEEING.
  7827 | D:9      | 7827 ||| FLEEEEING.
  7828 | D:9      | 7828 ||| FLEEEEING.
  7829 | D:9      | 7829 ||| FLEEEEING.
  7830 | D:9      | 7830 ||| FLEEEEING.
  7831 | D:9      | 7831 ||| FLEEEEING.
  7832 | D:9      | HP: 19/84 [elephant (7)]
  7835 | D:9      | HP: 8/84 [elephant (5)]
  7840 | D:9      | Killed an elephant
  8087 | D:9      | Found a staircase to the Lair.
  8102 | D:9      | Reached skill level 12 in Ranged Weapons
  8229 | D:9      | Noticed a two-headed ogre
  8239 | D:9      | Killed a two-headed ogre
  8349 | D:9      | Found a staircase to the Orcish Mines.
  8735 | D:9      | 8735 ||| UPGRADING to +0 troll leather armour.
  8745 | D:9      | 8745 ||| DROPPING +0 ring mail.
  8746 | D:9      | 8746 ||| DRINKING 2 fuming golden potions.
  8747 | D:9      | 8747 ||| DROPPING potion of degeneration.
  8789 | D:10     | Entered Level 10 of the Dungeon
  8798 | D:10     | Found Ziror's Jewellery Shop.
  8807 | D:10     | 8807 ||| SHOPLISTING +4 ring of slaying (780 gold, have
                  | 222).
  8807 | D:10     | 8807 ||| SHOPLISTING ring of fire (250 gold, have 222).
  8807 | D:10     | 8807 ||| SHOPLISTING ring of ice (250 gold, have 222).
  8807 | D:10     | 8807 ||| SHOPLISTING ring of protection from fire (250
                  | gold, have 222).
  8959 | D:10     | 8959 ||| FLEEEEING.
  8960 | D:10     | 8960 ||| FLEEEEING.
  8961 | D:10     | 8961 ||| FLEEEEING.
  8962 | D:10     | 8962 ||| FLEEEEING.
  8963 | D:10     | 8963 ||| FLEEEEING.
  9190 | D:10     | Noticed a manticore
  9197 | D:10     | Killed a manticore
  9748 | D:10     | 9748 ||| UPGRADING to +2 hat.
  9758 | D:10     | 9758 ||| DROPPING +0 helmet.
  9759 | D:10     | 9759 ||| READING scroll labelled SEOJENI AKHIDD.
  9760 | D:10     | 9760 ||| DRINKING 2 fuming green potions.
  9763 | D:11     | Noticed a two-headed ogre
  9769 | D:11     | 9769 ||| STAIRDANCE
  9776 | D:10     | Killed a two-headed ogre
  9787 | D:11     | 9787 ||| STAIRDANCE
  9806 | D:11     | 9806 ||| STAIRDANCE
  9831 | D:11     | Reached XP level 11. HP: 57/92 MP: 14/14
  9976 | D:11     | Noticed an orc knight
  9981 | D:11     | 9981 ||| RETREEEEATING.
  9985 | D:11     | 9985 ||| RETREEEEATING.
  9986 | D:11     | 9986 ||| RETREEEEATING.
  9987 | D:11     | 9987 ||| RETREEEEATING.
  9988 | D:11     | 9988 ||| RETREEEEATING.
  9989 | D:11     | 9989 ||| RETREEEEATING.
 10005 | D:11     | 10005 ||| RETREEEEATING.
 10006 | D:11     | 10006 ||| RETREEEEATING.
 10007 | D:11     | 10007 ||| RETREEEEATING.
 10008 | D:11     | 10008 ||| RETREEEEATING.
 10009 | D:11     | 10009 ||| RETREEEEATING.
 10010 | D:11     | 10010 ||| RETREEEEATING.
 10012 | D:11     | 10012 ||| FLEEEEING.
 10013 | D:11     | 10013 ||| FLEEEEING.
 10017 | D:11     | 10017 ||| RETREEEEATING.
 10018 | D:11     | 10018 ||| RETREEEEATING.
 10019 | D:11     | 10019 ||| RETREEEEATING.
 10032 | D:11     | Killed an orc knight
 10123 | D:11     | Noticed a sun demon
 10124 | D:11     | 10124 ||| RETREEEEATING.
 10125 | D:11     | 10125 ||| RETREEEEATING.
 10126 | D:11     | 10126 ||| RETREEEEATING.
 10128 | D:11     | 10128 ||| RETREEEEATING.
 10130 | D:11     | 10130 ||| RETREEEEATING.
 10131 | D:11     | 10131 ||| RETREEEEATING.
 10132 | D:11     | 10132 ||| RETREEEEATING.
 10133 | D:11     | 10133 ||| RETREEEEATING.
 10139 | D:11     | 10139 ||| RETREEEEATING.
 10141 | D:11     | 10141 ||| RETREEEEATING.
 10143 | D:11     | 10143 ||| RETREEEEATING.
 10144 | D:11     | HP: 17/92 [sun demon (18)]
 10144 | D:11     | Slain by a sun demon

Levels and vault maps discovered:
D:1:      onia_arrival_pyramid, layout_basic, ebering_ecumenical_altar_box,
          serial_shops, shop, shop, nicolae_diamond_shop
D:2:      layout_basic, serial_shops, nicolae_diamond_shop,
          minmay_joined_circles, uniq_crazy_yiuf_cottage
D:3:      layout_loops_ring, marbit_many_paths
D:4:      layout_basic, uniq_blork_the_orc, uniq_robin, uniq_natasha,
          uniq_duvessa
D:5:      lemuel_ratsnest, layout_basic
D:6:      layout_loops_ring, fedhas_altar_decomposition, amcnicky_altar_gilded,
          led_xom_imps, st_stairs_13, hex_large
D:7:      layout_rooms, minmay_temple_entry_butterflies, serial_shops,
          kennysheep_mini_moat, shop
D:8:      layout_basic, uniq_jeremiah
D:9:      layout_loops_ring, kennysheep_little_box,
          grunt_lair_entry_orc_guard_hut, orc_0_dummy, serial_shops, shop
D:10:     layout_grid_maze, serial_shops, nicolae_shop_crystal
D:11:     layout_cave_pools, nicolae_demonic_statue_gallery

Skill      XL: |  1  2  3  4  5  6  7  8  9 10 11 |
---------------+----------------------------------+-----
Ranged Weapons | 4 5 6 8 9 11 12 | 12.4
Fighting       | 2 3 4 5 6 7 |  7.4
Dodging        | 2 3 4 6 7 8 |  8.1
Armour         | 1 2 3 4 |  4.5
Stealth        | |  0.8

Action                     |  1- 3 |  4- 6 |  7- 9 | 10-12 || total
---------------------------+-------+-------+-------+-------++-------
   Fire: Shortbow          |    99 |   217 |   288 |       ||   604
         Orcbow            |       |       |   119 |   255 ||   374
  Evoke: Wand              |       |    10 |     5 |     4 ||    19
    Use: Scroll            |     3 |    12 |     5 |     3 ||    23
         Potion            |       |       |     4 |     2 ||     6
 Armour: Leather armour    |    22 |       |       |       ||    22
         Ring mail         |       |   119 |   151 |    52 ||   322
         Troll leather arm |       |       |       |    73 ||    73
  Dodge: Dodged            |    27 |    90 |   168 |   171 ||   456

Table legend:
 A = Non-vault XP
 B = Vault XP
 C = Vault XP percentage of total XP
 D = Non-vault monster count
 E = Vault monster count
 F = Vault count percentage of total count
                 A         B        C        D         E       F
            +---------+---------+-------+---------+---------+-------
      Total |   12604 |    2803 |  18.2 |     186 |      71 |  27.6
            +---------+---------+-------+---------+---------+-------
        D:1 |      41 |       0 |   0.0 |      25 |       0 |   0.0
        D:2 |      23 |      53 |  69.7 |      11 |      11 |  50.0
        D:3 |     126 |       2 |   1.6 |      30 |       1 |   3.2
        D:4 |     175 |     366 |  67.7 |      13 |      16 |  55.2
        D:5 |     233 |     355 |  60.4 |       6 |      31 |  83.8
        D:6 |     711 |     198 |  21.8 |      14 |       5 |  26.3
        D:7 |    1140 |       0 |   0.0 |      23 |       0 |   0.0
        D:8 |     871 |     377 |  30.2 |      10 |       1 |   9.1
        D:9 |    3255 |    1452 |  30.8 |      23 |       6 |  20.7
       D:10 |    3438 |       0 |   0.0 |      14 |       0 |   0.0
       D:11 |    2591 |       0 |   0.0 |      17 |       0 |   0.0
            +---------+---------+-------+---------+---------+-------
